 Dungeon Crawl Stone Soup version 0.22.1-1-ga44c0e56f4 (webtiles) character file.

81 D1HalberdGnoll the Skirmisher (level 4, -2/36 HPs)
             Began as a Demonspawn Abyssal Knight on Oct 15, 2018.
             Was a Believer of Lugonu.
             Slain by a kobold
             ... wielding a +2 short sword of flaming
              (3 damage)
             ... on level 2 of the Dungeon.
             The game lasted 00:02:46 (1960 turns).

D1HalberdGnoll the Skirmisher (DsAK)                Turns: 1960, Time: 00:02:46

Health: -2/36      AC:  3    Str: 13    XL:     4   Next: 19%
Magic:  4/5        EV: 11    Int: 14    God:    Lugonu [**....]
Gold:   62         SH:  0    Dex: 12    Spells: 3/3 levels left

rFire    . . .     SeeInvis .   a - +1 hand axe
rCold    . . .     Gourm    .   (no shield)
rNeg     . . .     Faith    .   b - +0 leather armour
rPois    .         Spirit   .   (no helmet)
rElec    .         Reflect  .   (no cloak)
rCorr    .         Harm     .   (no gloves)
MR       .....                  (no boots)
Stlth    +.........             (no amulet)
HPRegen  0.12/turn              (no ring)
MPRegen  0.09/turn              (no ring)

@: lethally poisoned (-2 -> -16)
A: talons 1, powered by death 1
a: Depart the Abyss, Bend Space, Renounce Religion


You were on level 2 of the Dungeon.
You worshipped Lugonu.
Lugonu was pleased with you.
You were not hungry.

You visited 1 branch of the dungeon, and saw 2 of its levels.
You visited the Abyss 1 time.

You collected 62 gold pieces.

Inventory:

Hand Weapons
 a - a +1 hand axe (weapon)
Armour
 b - a +0 leather armour (worn)
Jewellery
 e - an uncursed ring of stealth {unknown}
Comestibles
 c - 4 rations
 d - a chunk of flesh


   Skills:
 + Level 3.6 Fighting
 * Level 3.1 Axes
 + Level 2.4 Armour
 - Level 0.8 Dodging
 - Level 2.4 Invocations


You had 3 spell levels left.
You didn't know any spells.
Your spell library was empty.

Dungeon Overview and Level Annotations

Branches:
Dungeon (2/15)

Altars:

Annotations:
D:1 exclusion: 2 downstairs
D:2 2 exclusions


Innate Abilities, Weirdness & Mutations

You have sharp toenails.
You regenerate a little health from kills.


Message History

You hit the worker ant but do no damage.
The worker ant is heavily wounded.
You feel sick. The worker ant bites you.
* * * LOW HITPOINT WARNING * * *
You hit the worker ant.
The worker ant is severely wounded.
* * * LOW HITPOINT WARNING * * *
You feel sick. The worker ant bites you.
* * * LOW HITPOINT WARNING * * *
You are more poisoned.
The worker ant poisons you! The worker ant bites you.
* * * LOW HITPOINT WARNING * * *
You aren't carrying any potions.
Drop what? 5/52 slots (_ for help) (? for menu, Esc to quit)
Okay, then.
Space bends around you!
You blink.
* * * LOW HITPOINT WARNING * * *
You feel sick.
The kobold hits you with a short sword of flaming.
You die...

####...........
####....#..#
##.......# #.........
#### ##....##..#
#.ยง#
######..##..#...
##a###.............##
#gK.................
###@..###..(....#...
#.### ###........$
#.# #......... #.#
#...K.#.# ..#
#.......# .##
.$>..>r.. .#
#......## #......#
##...........


You could see a worker ant, a hobgoblin and a kobold.

Vanquished Creatures
  3 adders
  2 oozes
  A worm (D:1)
  A dart slug (D:1)
  2 leopard geckos (D:1)
  6 bats
  3 giant cockroaches
  9 goblins
  A hobgoblin (D:2)
  2 jackals (D:1)
  A kobold (D:1)
  A quokka (D:2)
  2 ball pythons (D:1)
  A frilled lizard (D:2)
  4 rats
39 creatures vanquished.

Vanquished Creatures (others)
  4 toadstools (D:1)
4 creatures vanquished.

Grand Total: 43 creatures vanquished

Notes
Turn   | Place    | Note
-------+----------+-------------------------------------------
     0 | Abyss:1  | D1HalberdGnoll the Demonspawn Abyssal Knight began the
                  | quest for the Orb.
     0 | Abyss:1  | Reached XP level 1. HP: 18/18 MP: 2/2
    11 | D:1      | Escaped the Abyss
   425 | D:1      | Gained mutation: You have sharp toenails. [demonic
                  | ancestry]
   425 | D:1      | Reached XP level 2. HP: 22/24 MP: 3/3
  1062 | D:1      | Reached XP level 3. HP: 29/29 MP: 4/4
  1350 | D:2      | Noticed a phantom
  1619 | D:2      | Reached ** piety under Lugonu
  1627 | D:2      | Gained mutation: You regenerate a little health from kills.
                  | [demonic ancestry]
  1627 | D:2      | Reached XP level 4. HP: 14/35 MP: 5/5
  1960 | D:2      | HP: 1/36 [poisoned by a worker ant]
  1960 | D:2      | Slain by a kobold

Skill      XL: |  1  2  3 |
---------------+----------+-----
Axes           | 2 3 |  3.1
Armour         | 2 |  2.4
Fighting       | |  3.6
Dodging        | |  0.8
Invocations    | |  2.4

Action                   |  1- 3 |  4- 6 || total
-------------------------+-------+-------++-------
Melee: Hand axe          |   108 |    22 ||   130
       Kick              |    13 |     7 ||    20
Invok: Bend Space        |       |     1 ||     1
  Use: Potion            |     1 |       ||     1
  Eat: Chunk             |     2 |     1 ||     3
Armor: Leather armour    |    33 |    10 ||    43
Dodge: Dodged            |    73 |    21 ||    94
